 Dungeon Crawl Stone Soup version 0.32-a0-422-g28b100f618 (webtiles) character file.

Game seed: 10950188298877477461

7 Bravepunisher the Ducker (level 1, 0/11 HPs)
             Began as a Spriggan Monk on Feb 21, 2024.
             Constricted to death by a ball python (1 damage)
             ... on level 4 of the Dungeon.
             The game lasted 00:00:46 (251 turns).

Bravepunisher the Ducker (Spriggan Monk)             Turns: 251, Time: 00:00:46

Health: 0/11       AC:  2    Str:  7    XL:     1   Next: 83%
Magic:  2/2        EV: 16    Int: 11    God:
Gold:   13         SH:  0    Dex: 17    Spells: 0/0 levels left

rFire   . . .        a - +0 short sword
rCold   . . .        (no shield)
rNeg    . . .        b - +0 robe
rPois   .            (helmet restricted)
rElec   .            (no cloak)
rCorr   .            (gloves unavailable)
SInv    +            (boots unavailable)
Will    .....        (no amulet)
Stlth   ++           (no ring)
HPRegen 0.21/turn    (no ring)
MPRegen 0.08/turn

%: no passive effects
@: constricted, very quick
A: very small, no large weapons, unfitting armour, see invisible, speed 3
a: no special abilities


You were on level 4 of the Dungeon.
You visited 1 branch of the dungeon, and saw 4 of its levels.

You collected 13 gold pieces.

Inventory:

Hand Weapons
 a - a +0 short sword (weapon)
Armour
 b - a +0 robe (worn)
Scrolls
 e - a scroll of blinking {unknown}
Potions
 c - a potion of ambrosia
 d - a potion of enlightenment {unknown}


   Skills:
 + Level 2.5 Fighting
 - Level 3.2 Short Blades
 * Level 4.4 Dodging


You couldn't memorise any spells.
You didn't know any spells.
Your spell library was empty.

Dungeon Overview and Level Annotations

Branches:
Dungeon (4/15)
 Temple: D:4-7

Altars:
Uskayaw

Annotations:
D:2 1 runed translucent door, Crazy Yiuf


Innate Abilities, Weirdness & Mutations

You are very small and have problems with some larger weapons.
You are too small for most types of armour.
You have supernaturally acute eyesight. (SInv)
You cover ground extremely quickly. (Speed+++)


Message History

You hit the giant cockroach.
You kill the giant cockroach!
Found a stone staircase leading down.
Found 3 curare-tipped darts.
Found a hide-covered altar of Uskayaw.
Found a scroll labelled VIBLIO BIOCYS.
Found 6 gold pieces.
A quokka comes into view.
An endoplasm comes into view.
Found 3 boomerangs.
The endoplasm quivers.
There is a stone staircase leading down here.
You climb downwards.
Found a stone staircase leading up.
There is a stone staircase leading up here.
There is a stone staircase leading up here.
An endoplasm comes into view.
Found a stone staircase leading down.
Found 10 gold pieces.
An orc comes into view. It is wielding a +0 mace.
An iguana comes into view.
The orc shouts! 2 orcs and a ball python come into view.
Found a black potion.
The orc shouts!
An orc comes into view. It is wielding a +0 short sword.
A bombardier beetle comes into view.
Found 10 gold pieces.
The bombardier beetle moves out of view.
An orc and an orc wizard come into view.
The iguana hisses menacingly.
The orc moves out of view.
The orc attacks as it pursues you!
The orc hits you from afar with a +0 trident!
Ouch! That really hurt!
* * * LOW HITPOINT WARNING * * *
The ball python attacks as it pursues you!
The ball python bites you.
* * * LOW HITPOINT WARNING * * *
The ball python grabs you. The ball python constricts you.
You die...

####..............B..
##.......#####....
#.......# ##....
######..####.....
####...#...#
#...>....#.#
........#l..##
.........o....##
...........S@..#
..........####...#
......!o..# #.#
......o..# ..
.....o$. ## ......#
o...


You could see an iguana, 2 orcs and a ball python.

Vanquished Creatures
  An orc (D:3)
  A giant cockroach (D:3)
  A goblin (D:3)
3 creatures vanquished.

Notes
Turn   | Place    | Note
-------+----------+-------------------------------------------
     0 | D:1      | Bravepunisher the Spriggan Monk began the quest for the
                  | Orb.
     0 | D:1      | Reached XP level 1. HP: 11/11 MP: 2/2
    59 | D:2      | Found a runed translucent door.
    60 | D:2      | Noticed Crazy Yiuf
   205 | D:3      | Found a hide-covered altar of Uskayaw.
   244 | D:4      | Noticed an iguana
   248 | D:4      | Noticed a bombardier beetle
   249 | D:4      | Noticed an orc wizard
   251 | D:4      | Constricted to death by a ball python

Illustrated notes

Levels and vault maps discovered:
D:1:      minmay_arrival_checkered_box, layout_loops_ring
D:2:      layout_loops_ring, uniq_crazy_yiuf_cottage
D:3:      layout_basic, general_overflow_altar, eat_drink_and_be_merry_uskayaw,
          hellmonk_ghost_happy_afterlife, grunt_decor_mini_mirrors
D:4:      layout_rooms, old_standard_altar

Action                     || total
---------------------------++-------
  Melee: Short sword       ||    21
 Armour: Robe              ||     6
  Dodge: Dodged            ||    14

Table legend: (Time is in decaauts)
 A = Elapsed time spent in this place.
 B = Non-inter-level travel time spent in this place.
 C = Inter-level travel time spent in this place.
 D = Time resting spent in this place.
 E = Time spent auto-exploring this place.
 F = Levels seen in this place.
 G = Mean time per level.
                   A        B        C        D        E       F      G
               +--------+--------+--------+--------+--------+-----+--------+
         Total |    173 |    173 |      0 |      0 |    102 |   4 |   43.2 |
       Dungeon |    173 |    173 |      0 |      0 |    102 |   4 |   43.2 |
               +--------+--------+--------+--------+--------+-----+--------+

Top non-repeatable levels by time:
     D:3: 99 daAuts
     D:2: 33 daAuts
     D:1: 28 daAuts
     D:4: 12 daAuts
